 Dungeon Crawl Stone Soup version 0.27.0-1-g7a089689b8 (webtiles) character file.

Game seed: 18374211032741811620

16027 Delamore the Basher (level 12, -21/64 HPs)
             Began as a Gargoyle Fighter on Aug 1, 2021.
             Was an Elder of Okawaru.
             Demolished by Urug (26 damage)
             ... on level 3 of the Lair of Beasts.
             The game lasted 00:15:10 (14515 turns).

Delamore the Basher (Gargoyle Fighter)             Turns: 14515, Time: 00:15:10

Health: -21/64     AC: 24    Str: 24    XL:     12   Next: 33%
Magic:  13/15      EV: 14    Int: 10    God:    Okawaru [****..]
Gold:   729        SH: 15    Dex:  9    Spells: 11/11 levels left

rFire    . . .     SeeInvis +   q - +1 morningstar
rCold    . . .     Faith    .   c - +1 kite shield
rNeg     + . .     Spirit   .   n - +1 chain mail {Will+}
rPois    ∞         Reflect  .   (helmet restricted)
rElec    +         Harm     .   M - scarf {repulsion}
rCorr    .         Rampage  .   S - +0 pair of gloves {Stlth+}
Will     +....                  I - +0 pair of boots
Stlth    +.........             (no amulet)
HPRegen  0.20/turn              o - ring of see invisible
MPRegen  0.14/turn              w - +4 ring of evasion

@: mighty, heroic, repel missiles
A: sickness immunity, AC +8, negative energy resistance 1, electricity
resistance, torment resistance 1, petrification resistance, claws 1, horns 1,
frail 1, noise suppression
a: Renounce Religion, Heroism


You were on level 3 of the Lair of Beasts.
You worshipped Okawaru.
Okawaru was greatly pleased with you.
You visited 3 branches of the dungeon, and saw 14 of its levels.

You collected 729 gold pieces.

Inventory:

Hand Weapons
 a - a +0 flail
 q - a +1 morningstar (weapon)
 B - a +0 whip of electrocution
Missiles
 e - 79 poisoned darts (quivered)
 r - 3 throwing nets
 v - 2 boomerangs of dispersal
 Q - 7 javelins
Armour
 c - a +1 kite shield (worn)
 n - a +1 chain mail of willpower (worn)
 F - a +0 tower shield
 I - a +0 pair of boots (worn)
 M - a scarf of repulsion (worn)
 S - a +0 pair of gloves of stealth (worn)
Jewellery
 o - a ring of see invisible (left hand)
 w - a +4 ring of evasion (right hand)
 A - a ring of protection from cold
 G - an amulet of faith
 L - an amulet of guardian spirit
Wands
 b - a wand of polymorph (11)
 g - a wand of iceblast (8)
 m - a wand of digging (7)
 t - a wand of flame (33)
 C - a wand of charming (6)
 E - a wand of paralysis (4)
 H - a wand of mindburst (9)
Scrolls
 h - a scroll of noise
 k - 6 scrolls of teleportation
 p - a scroll of amnesia
 u - a scroll of holy word
 y - 2 scrolls of enchant armour
 J - 3 scrolls of immolation
 K - 2 scrolls of enchant weapon
Potions
 d - a potion of might
 f - 3 potions of cancellation
 i - 2 potions of curing
 j - 2 potions of resistance
 l - a potion of brilliance
 s - 3 potions of lignification
 x - 2 potions of ambrosia
 z - a potion of berserk rage {unknown}
 D - a potion of attraction
 N - a potion of mutation
 R - a potion of invisibility


   Skills:
 + Level 7.5(12.5) Fighting
 + Level 14.5(19.5) Maces & Flails
 + Level 4.4(9.4) Throwing
 - Level 5.0(10.0) Armour
 + Level 9.7(14.7) Shields
 - Level 5.0 Invocations


You had 11 spell levels left.
You didn't know any spells.
Your spell library contained the following spells:

 Spells                   Type           Power      Damage    Failure   Level
 Beastly Appendage        Tmut           0%         N/A       91%         1
 Pain                     Necr           0%         1d4       91%         1
 Corpse Rot               Necr/Air       N/A        N/A       97%         2
 Wereblood                Tmut           0%         N/A       97%         2
 Conjure Flame            Conj/Fire      0%         6-21      99%         3
 Inner Flame              Hex/Fire       0%         N/A       99%         3
 Ozocubu's Armour         Ice            0%         N/A       99%         3
 Spider Form              Tmut/Pois      0%         N/A       99%         3
 Stone Arrow              Conj/Erth      0%         3d7       99%         3
 Animate Armour           Summ/Erth      0%         N/A       100%        4
 Cause Fear               Hex            0%         N/A       100%        4
 Dispel Undead            Necr           0%         3d6       100%        4
 Borgnjor's Vile Clutch   Necr/Erth      0%         N/A       100%        5
 Summon Forest            Summ/Tloc      0%         N/A       100%        5
 Summon Mana Viper        Hex/Summ       0%         N/A       100%        5
 Death Channel            Necr           0%         N/A       100%        6
 Shadow Creatures         Summ           N/A        N/A       100%        6
 Simulacrum               Ice/Necr       0%         N/A       100%        6
 Ozocubu's Refrigeration  Ice            0%         4d5       100%        7
 Summon Hydra             Summ           0%         N/A       100%        7
 Discord                  Hex            0%         N/A       100%        8
 Lehudib's Crystal Spear  Conj/Erth      0%         10d2      100%        8
 Sublimation of Blood     Necr           Unusable   N/A       N/A         2

Dungeon Overview and Level Annotations

Branches:
Dungeon (10/15)            Temple (1/1) D:6            Lair (3/6) D:10
  Snake (0/4) Lair:2
  Swamp: Lair:2-4    Shoals: Lair:2-4       Orc: D:9-12

Altars:
Ashenzari
Cheibriados
Dithmenos
Elyvilon
Fedhas
Gozag
Hepliaklqana
Kikubaaqudgha
Makhleb
Nemelex Xobeh
Okawaru
Qazlal
Ru
Sif Muna
Trog
Uskayaw
Vehumet
Wu Jian
Xom
Yredelemnul
Zin
The Shining One

Shops:
D:6 =

Annotations:
Lair:1 exclusion: oklob plant
Lair:2 2 transporters, Weugil's ghost, journeyman HaBe
Lair:3 Urug


Innate Abilities, Weirdness & Mutations

You are immune to sickness and miasma.
Your stone body is resilient. (AC +8)
You are immune to poison.
You resist negative energy. (rN+)
You are resistant to electric shocks. (rElec)
You are resistant to unholy torment.
You are immune to petrification.
You have sharp fingernails.
You have a pair of small horns on your head.
You are frail. (-10% HP)
You passively dampen the noise of your surroundings.


Message History

You impale the basilisk!!
You kill the basilisk!
Okawaru accepts your kill.
Urug throws a javelin.
The javelin barely misses you.
Urug hits you from afar with a +6 demon trident!
You block the cane toad's attack. Urug hits you with a +6 demon trident!!
You are too injured to fight recklessly!
You are too injured to fight recklessly!
You are too injured to fight recklessly!
You are too injured to fight recklessly!
You are too injured to fight recklessly!
You are too injured to fight recklessly!
You are too injured to fight recklessly!
You are too injured to fight recklessly!
You are too injured to fight recklessly!
You are too injured to fight recklessly!
You are too injured to fight recklessly!
You are too injured to fight recklessly!
You are too injured to fight recklessly!
You are too injured to fight recklessly!
You are too injured to fight recklessly!
You are too injured to fight recklessly!
You gain the combat prowess of a mighty hero.
A seven-headed hydra comes into view.
The cane toad stings you.
* * * LOW HITPOINT WARNING * * *
You block Urug's attack.
You feel very mighty all of a sudden.
The seven-headed hydra roars!
You block the cane toad's attack. Urug hits you but does no damage.
You barely miss Urug. Your headbutt misses Urug.
The cane toad barely misses you.
You hit Urug. Your headbutt misses Urug.
Urug is lightly wounded.
You block Urug's attack. The cane toad stings you!
* * * LOW HITPOINT WARNING * * *
You closely miss Urug.
Urug is lightly wounded.
Urug hits you with a +6 demon trident!!
You die...

......... #........
#........ ##..
#D..(.... ...
##........ ###..
#......... #.#..
#..o......
#...#######P@F......
.####...#P#..#.........
..............†........
.......<..†............
.####.##.#.##.....####P
# #########..P# ..##
...# ..##


You could see a seven-headed hydra, Urug and a cane toad.

Vanquished Creatures
  Harold (D:8)
  A hydra (Lair:1)
  Pikel (D:6)
  A black mamba (Lair:1)
  4 cane toads
  2 kobold demonologists (D:8)
  2 komodo dragons (Lair:1)
  A troll (D:10)
  A hornet (D:9)
  Grinder (D:4)
  4 blink frogs (Lair:2)
  2 wraiths (D:9)
  4 wyverns
  3 basilisks
  16 yaks
  Grum (D:9)
  2 steam dragons
  3 nagas (Lair:2)
  An acid dragon (D:9)
  11 water moccasins
  An ice beast (D:6)
  A sky beast (D:7)
  5 black bears
  6 orc warriors
  3 ogres
  8 wolves
  3 centaurs
  The ghost of weresquid the Magician, an amateur DjFE (D:3)
  2 lemures (D:6)
  3 kobold brigands (D:8)
  6 bullfrogs
  A scorpion (Lair:1)
  2 gnoll sergeants
  A water moccasin zombie (D:5)
  2 wyvern skeletons
  6 killer bees (D:8)
  A howler monkey (D:10)
  A bullfrog zombie (D:5)
  4 hounds
  3 jellies
  4 orc priests (D:9)
  A centaur zombie (D:7)
  A gnoll shaman (D:9)
  3 iguanas
  Terence (D:3)
  10 orc wizards
  A hound zombie (D:5)
  2 hound skeletons (D:5)
  18 gnolls
  9 adders
  A shadow imp (D:7)
  4 white imps
  2 adder skeletons (D:4)
  A worm (D:2)
  2 dart slugs
  32 orcs
  9 ball pythons
  9 endoplasms
  3 giant cockroaches
  6 goblins
  10 hobgoblins
  9 jackals (D:1)
  5 quokkas
  6 frilled lizards
  12 kobolds
  3 rats
286 creatures vanquished.

Vanquished Creatures (others)
  2 kobolds (D:8)
  5 fungi
  6 plants
13 creatures vanquished.

Grand Total: 299 creatures vanquished

Notes
Turn   | Place    | Note
-------+----------+-------------------------------------------
     0 | D:1      | Delamore the Gargoyle Fighter began the quest for the Orb.
     0 | D:1      | Reached XP level 1. HP: 14/14 MP: 1/1
    68 | D:1      | Reached XP level 2. HP: 19/19 MP: 2/2
   599 | D:1      | Reached XP level 3. HP: 21/24 MP: 3/3
   603 | D:1      | Reached skill level 3 in Maces & Flails
  1171 | D:2      | Reached XP level 4. HP: 22/29 MP: 4/4
  1568 | D:2      | Got the Handbook of the Evil Arsonist
  1800 | D:2      | Found a faded altar of an unknown god.
  2297 | D:3      | Reached XP level 5. HP: 32/33 MP: 5/5
  2381 | D:3      | Reached skill level 4 in Maces & Flails
  2394 | D:3      | Noticed Terence
  2403 | D:3      | Killed Terence
  2547 | D:3      | Found a runed translucent door.
  2547 | D:3      | Noticed weresquid's ghost (amateur DjFE)
  2572 | D:3      | Killed weresquid's ghost
  2573 | D:3      | Reached XP level 6. HP: 35/39 MP: 6/6
  3609 | D:4      | Reached skill level 5 in Maces & Flails
  3937 | D:4      | Noticed Grinder
  3946 | D:4      | Paralysed by Grinder for 2 turns
  3955 | D:4      | Killed Grinder
  3956 | D:4      | Reached skill level 5 in Fighting
  3956 | D:4      | Reached skill level 5 in Shields
  3956 | D:4      | Reached XP level 7. HP: 14/44 MP: 7/7
  4445 | D:5      | Entered Level 5 of the Dungeon
  4472 | D:5      | Reached skill level 6 in Maces & Flails
  5107 | D:5      | Found a glowing silver altar of Zin.
  5178 | D:5      | Reached XP level 8. HP: 48/49 MP: 8/8
  5185 | D:5      | Noticed a wyvern
  5200 | D:5      | Killed a wyvern
  5201 | D:5      | Reached skill level 7 in Maces & Flails
  5657 | D:5      | Reached skill level 8 in Maces & Flails
  6160 | D:6      | Found a staircase to the Ecumenical Temple.
  6167 | Temple   | Entered the Ecumenical Temple
  6184 | Temple   | Became a worshipper of Warmaster Okawaru
  6242 | D:6      | Found Camevex's Jewellery Emporium.
  6341 | D:6      | Noticed Pikel
  6393 | D:6      | Killed Pikel
  6393 | D:6      | Reached * piety under Okawaru
  6394 | D:6      | Reached skill level 9 in Maces & Flails
  6394 | D:6      | Reached XP level 9. HP: 45/54 MP: 8/10
  7138 | D:7      | Identified the +0 plate armour of Plog {Harm Rampage Will+
                  | rCorr}
  7370 | D:7      | Identified the +9 hand axe of the Unspeakable One {freeze,
                  | Fly Int-2 Dex+5 Stlth+}
  7399 | D:7      | Reached ** piety under Okawaru
  7454 | D:7      | Reached skill level 10 in Maces & Flails
  7999 | D:8      | Noticed Harold
  8017 | D:8      | Killed Harold
  8018 | D:8      | Reached skill level 11 in Maces & Flails
  8018 | D:8      | Reached skill level 5 in Invocations
  8018 | D:8      | Reached XP level 10. HP: 45/59 MP: 13/13
  8204 | D:8      | Noticed a kobold demonologist
  8205 | D:8      | Noticed a kobold demonologist
  8223 | D:8      | Gained mutation: You are frail. (-10% HP) [a neqoxec]
  8299 | D:8      | Noticed a soul eater
  8303 | D:8      | Noticed a sixfirhy
  8310 | D:8      | Killed a kobold demonologist
  8336 | D:8      | Killed a kobold demonologist
  8621 | D:8      | Reached *** piety under Okawaru
  8641 | D:8      | Reached skill level 12 in Maces & Flails
  9578 | D:9      | Reached skill level 13 in Maces & Flails
  9590 | D:9      | Identified the +0 spear of Cowe Wuf {venom, rElec rN+ Int+4
                  | Dex+3}
  9601 | D:9      | Received a gift from Okawaru
 10041 | D:9      | Noticed Grum
 10059 | D:9      | Reached XP level 11. HP: 56/56 MP: 14/14
 10071 | D:9      | Killed Grum
 10071 | D:9      | Reached **** piety under Okawaru
 10390 | D:10     | Entered Level 10 of the Dungeon
 10449 | D:9      | Reached skill level 14 in Maces & Flails
 10599 | D:9      | Reached skill level 1 in Throwing
 10696 | D:10     | Found a staircase to the Lair.
 10925 | D:10     | Found a bloodstained altar of Trog.
 10985 | D:10     | Reached ***** piety under Okawaru
 11357 | D:10     | Found a broken altar of Ashenzari.
 11360 | D:10     | Found a shadowy altar of Dithmenos.
 11466 | D:10     | Found a sacrificial altar of Ru.
 11468 | D:10     | Found an opulent altar of Gozag.
 11517 | Lair:1   | Entered Level 1 of the Lair of Beasts
 11712 | Lair:1   | Noticed an oklob plant
 11738 | Lair:1   | Received a gift from Okawaru
 12113 | Lair:1   | Identified the +2 long sword "Urasch" {speed, rCorr Str+2
                  | Int-2}
 12350 | Lair:1   | Lost mutation: You are frail. (-10% HP) [potion of
                  | mutation]
 12350 | Lair:1   | Gained mutation: You are frail. (-10% HP) [potion of
                  | mutation]
 12350 | Lair:1   | Gained mutation: You have sharp fingernails. [potion of
                  | mutation]
 12350 | Lair:1   | Gained mutation: You have a pair of small horns on your
                  | head. [potion of mutation]
 12350 | Lair:1   | Gained mutation: You passively dampen the noise of your
                  | surroundings. [potion of mutation]
 12378 | Lair:1   | Reached skill level 5 in Armour
 12403 | Lair:1   | Noticed an eight-headed hydra
 12411 | Lair:1   | Killed an eight-headed hydra
 12712 | Lair:1   | Reached XP level 12. HP: 62/63 MP: 15/15
 13259 | Lair:2   | Found a staircase to the Snake Pit.
 13631 | Lair:2   | Found a transporter.
 14252 | Lair:2   | Noticed Weugil's ghost (journeyman HaBe)
 14265 | Lair:2   | Found a transporter.
 14504 | Lair:3   | Noticed Urug
 14511 | Lair:3   | Noticed a seven-headed hydra
 14515 | Lair:3   | Demolished by Urug

Illustrated notes

Levels and vault maps discovered:
D:1:      dpeg_arrival_arbitrary_b, layout_basic
D:2:      layout_loops_ring, shapermc_ecumenical_altar_hornbeckon,
          grunt_decor_clamped, kennysheep_nondescript, skrybe_limestone_x,
          kennysheep_big_empty_room, minmay_misc_feat_nine_boxes
D:3:      layout_loops_ring, gammafunk_ghost_grave, columned_hall_lemuel,
          uniq_terence
D:4:      layout_basic, serial_rivers, chequers_serial_rivers_micro_d,
          chequers_serial_rivers_marsh, chequers_serial_rivers_large_b,
          chequers_serial_rivers_micro_a, chequers_serial_rivers_micro_e,
          chequers_serial_rivers_small_a, uniq_grinder
D:5:      layout_basic, zin_scriptorium, chequers_serial_rivers_room_b,
          minivault_23, hangedman_abyss_or_decor_slice, nrook_campfire
D:6:      layout_loops_ring, minmay_temple_entry_tees, serial_shops,
          nicolae_shop_temple_entry_statues_fountains, uniq_pikel
D:7:      layout_rooms, hellmonk_bongcloud_opening,
          minmay_a_box_with_orc_wizards_in_it
D:8:      layout_basic, uniq_harold
D:9:      layout_small_grid, uniq_grum
D:10:     layout_cave_pools, nicolae_overflow_hidden_temple, lemuel_round_altar,
          minmay_lair_entry_grove, kennysheep_crisscross
Temple:   lightli_temple_of_artemis
Lair:1:   layout_regular_city, infiniplex_staircase_pool_2,
          minmay_lair_oklob_chamber, grunt_megastairs_1
Lair:2:   layout_gridlike, minmay_snake_entry_guardpost_small,
          gammafunk_ghost_berserking_beasts
Lair:3:   layout_small_grid, elwin_shoals_entry_rooms, basic_altar, uniq_urug

Skill      XL: |  1  2  3  4  5  6  7  8  9 10 11 12 |
---------------+-------------------------------------+-----
Maces & Flails | 3 4 5 6 9 11 13 14 | 14.5
Fighting       | 4 5 6 7 |  7.5
Shields        | 4 5 6 7 8 9 |  9.7
Invocations    | 2 5 |  5.0
Throwing       | 3 4 |  4.4
Armour         | 5 |  5.0

Action                   |  1- 3 |  4- 6 |  7- 9 | 10-12 || total
-------------------------+-------+-------+-------+-------++-------
Melee: Flail             |   128 |   197 |   164 |       ||   489
       Whip              |       |       |   237 |   473 ||   710
       Morningstar       |       |       |       |   284 ||   284
       Headbutt          |       |       |       |    31 ||    31
Throw: Dart              |       |    12 |    14 |       ||    26
       Throwing net      |       |       |     1 |       ||     1
Invok: Finesse           |       |       |       |     2 ||     2
       Heroism           |       |       |       |     2 ||     2
Evoke: Wand              |       |       |     1 |     4 ||     5
  Use: Scroll            |     3 |     1 |     5 |    11 ||    20
       Potion            |       |       |     2 |     5 ||     7
 Stab: Paralysed         |       |       |     2 |     6 ||     8
Armor: Scale mail        |    80 |   111 |   110 |   165 ||   466
       Chain mail        |       |       |       |    99 ||    99
Dodge: Dodged            |    41 |    52 |   134 |   269 ||   496
       Repelled          |       |       |       |     2 ||     2
Block: Kite shield       |    85 |   102 |   192 |   429 ||   808
